 Dungeon Crawl Stone Soup version 0.19.0-22-gd96e5fe (webtiles) character file.

121 Exaltedone87 the Skirmisher (level 4, -1/36 HPs)
             Began as a Demonspawn Fighter on Nov 18, 2016.
             Slain by a gnoll
             ... wielding a +0 spear
              (6 damage)
             ... on level 3 of the Dungeon.
             The game lasted 00:02:38 (1632 turns).

Exaltedone87 the Skirmisher (Demonspawn Fighter)    Turns: 1632, Time: 00:02:39

Health: -1/36      AC:  6    Str: 23    XL:     4   Next: 77%
Magic:  4/4        EV:  8    Int:  9    God:
Gold:   107        SH:  9    Dex: 12    Spells: 0 memorised, 3 levels left

rFire  . . .     SeeInvis .     a - +0 war axe
rCold  . . .     Gourm    .     b - +0 scale mail
rNeg   . . .     Faith    .     c - +0 shield
rPois  .         Spirit   .     (no helmet)
rElec  .         Reflect  .     (no cloak)
rCorr  .         Harm     .     (no gloves)
MR     .....                    (no boots)
Stlth  ..........               (no amulet)
                                (no ring)
                                (no ring)

@: mighty
A: talons 2
a: no special abilities


You were on level 3 of the Dungeon.
You were hungry.

You visited 1 branch of the dungeon, and saw 3 of its levels.

You collected 107 gold pieces.

Inventory:

Hand Weapons
 a - a +0 war axe (weapon)
Armour
 b - a +0 scale mail (worn)
 c - a +0 shield (worn)
 i - a +0 pair of boots
Jewellery
 g - an uncursed ring of stealth {unknown}
Wands
 l - a wand of paralysis (7/24)
Scrolls
 e - 3 scrolls of identify {unknown}
 h - a scroll of random uselessness {unknown}
 j - a scroll of fear {unknown}
 k - a scroll of enchant armour {unknown}
 r - a scroll of recharging {unknown}
Potions
 m - 2 potions of brilliance {unknown}
 n - a potion of flight {unknown}
 o - a potion of berserk rage {unknown}
 p - a potion of curing {unknown}
 q - a potion of lignification {unknown}
Comestibles
 f - a bread ration
 s - 5 chunks of flesh


   Skills:
 + Level 3.6 Fighting
 * Level 3.1 Axes
 + Level 2.9 Armour
 + Level 1.5 Dodging
 + Level 3.1 Shields


You had 3 spell levels left.
You didn't know any spells.

Dungeon Overview and Level Annotations

Branches:
Dungeon (3/15)

Altars:
Ashenzari
Okawaru
Qazlal


Innate Abilities, Weirdness & Mutations

You have razor-sharp toenails.


Message History

The gnoll hits you from afar with a spear.
* * * LOW HITPOINT WARNING * * *
The gnoll hits you but does no damage. You block the gnoll's attack.
Unknown command.
You hit the gnoll. You claw the gnoll.
The gnoll is severely wounded.
You block the gnoll's attack.
The gnoll hits you from afar with a spear.
* * * LOW HITPOINT WARNING * * *
You feel very mighty all of a sudden. You block the gnoll's attack. x2
You slash the gnoll!
You kill the gnoll!
The gnoll closely misses you. The gnoll hits you but does no damage.
Things that are here:
a spear; a gnoll corpse You hit the gnoll but do no damage.
The gnoll closely misses you. The gnoll hits you with a spear.
You die...

....##.###.#..##
# #.#..# #.#..#
#.#..#
###.###)#..#
........#..###
.##.####.....#
##.####.###.#
....%..@#
.###..#g# #.#.r.
#.##=.# . #..# #
#.## .## #


You could see a gnoll and a quokka.

Vanquished Creatures
  Ijyb (D:2)
  3 adders (D:2)
  2 gnolls (D:3)
  A worm (D:2)
  4 dart slugs (D:1)
  2 leopard geckos (D:2)
  An orc (D:3)
  4 bats
  3 giant cockroaches (D:1)
  3 goblins (D:1)
  A hobgoblin (D:3)
  3 jackals (D:1)
  5 kobolds
  3 frilled lizards
  5 rats
41 creatures vanquished.

Notes
Turn   | Place    | Note
-------+----------+-------------------------------------------
     0 | D:1      | Exaltedone87 the Demonspawn Fighter began the quest for the Orb.
     0 | D:1      | Reached XP level 1. HP: 18/18 MP: 1/1
    85 | D:1      | Gained mutation: You have sharp toenails. [demonic ancestry]
    85 | D:1      | Reached XP level 2. HP: 17/24 MP: 2/2
   578 | D:1      | Gained mutation: You have razor-sharp toenails. [demonic ancestry]
   578 | D:1      | Reached XP level 3. HP: 24/29 MP: 3/3
   891 | D:2      | Reached skill level 1 in Dodging
   927 | D:2      | Found a stormy altar of Qazlal.
   963 | D:2      | Found a shattered altar of Ashenzari.
  1002 | D:2      | Found an iron altar of Okawaru.
  1132 | D:2      | Noticed Ijyb
  1133 | D:2      | Paralysed by Ijyb for 2 turns
  1137 | D:2      | Paralysed by Ijyb for 2 turns
  1144 | D:2      | Paralysed by Ijyb for 3 turns
  1155 | D:2      | Paralysed by Ijyb for 5 turns
  1160 | D:2      | Killed Ijyb
  1160 | D:2      | Reached XP level 4. HP: 35/35 MP: 4/4
  1632 | D:3      | Slain by a gnoll

Skill      XL: |  1  2  3  4 |
---------------+-------------+-----
Axes           | 2 3 |  3.1
Shields        | 3 |  3.1
Dodging        | 1 |  1.5
Fighting       | |  3.6
Armour         | |  2.9

Action                   |  1- 3 |  4- 6 || total
-------------------------+-------+-------++-------
Melee: War axe           |    91 |    36 ||   127
       Kick              |    17 |     9 ||    26
  Use: Potion            |       |     1 ||     1
  Eat: Chunk             |     1 |     1 ||     2
Armor: Scale mail        |    42 |    21 ||    63
Dodge: Dodged            |    27 |     8 ||    35
Block: Shield            |    37 |    20 ||    57
